 Dungeon Crawl Stone Soup version 0.18-a0-1677-g2bdad6c (webtiles) character file.

4111 Procrastination the Cleaver (level 10, -2/105 HPs)
             Began as a Demonspawn Berserker on Apr 2, 2016.
             Was an Elder of Trog.
             Slain by Erolcha
             ... wielding a +0 giant spiked club
              (12 damage)
             ... on level 9 of the Dungeon.
             The game lasted 00:17:10 (10278 turns).

Procrastination the Cleaver (Demonspawn Berserker) Turns: 10278, Time: 00:17:10

Health: -2/105     AC: 10    Str: 25    XL:     10   Next: 6%
Magic:  19/19      EV: 10    Int:  8    God:    Trog [****..]
Gold:   460        SH:  0    Dex: 14    Spells: 0 memorised, 9 levels left

rFire  . . .     SeeInvis .     A - +1 war axe (vamp)
rCold  . . .     Gourm    +     t - +0 scale mail
rNeg   . . .     Faith    .     (no shield)
rPois  .         Spirit   .     (no helmet)
rElec  .         Dismiss  .     C - +0 cloak
rCorr  .         Reflect  .     F - +0 pair of gloves
SustAt .         Harm     .     (no boots)
MR     +....                    k - amulet of the gourmand
Stlth  ..........               K - ring of magical power
                                l - ring of protection from magic

@: berserking, very quick, somewhat resistant to hostile enchantments, extremely
unstealthy
A: claws 2, yellow scales 1, demonic guardian 1
a: Berserk, Trog's Hand, Brothers in Arms, Burn Spellbooks, Renounce Religion


You were on level 9 of the Dungeon.
You worshipped Trog.
Trog was greatly pleased with you.
You were full.

You visited 1 branch of the dungeon, and saw 9 of its levels.

You collected 460 gold pieces.

Inventory:

Hand Weapons
 a - a +0 hand axe
 A - a +1 vampiric war axe (weapon)
Missiles
 d - 7 curare-tipped needles
Armour
 b - a +0 animal skin
 o - a +0 ring mail
 r - the +2 pair of boots "Mabaur" {rPois rF- rC+}
   (You found it on level 7 of the Dungeon)

   It makes you vulnerable to fire.
   It protects you from cold.
   It protects you from poison.
 t - a +0 scale mail (worn)
 C - a +0 cloak (worn)
 F - a +0 pair of gloves (worn)
Jewellery
 k - an amulet of the gourmand (around neck)
 l - a ring of protection from magic (left hand)
 y - an uncursed ring of ice
 E - an uncursed ring of flight
 K - a ring of magical power (right hand)
Wands
 w - a wand of slowing (12/48)
 x - a wand of slowing (33/48)
 B - a wand of paralysis (5/24)
 J - a wand of iceblast (5/15)
Scrolls
 g - 3 scrolls of teleportation
 i - 2 scrolls of magic mapping
 u - 5 scrolls of identify
 D - a scroll of noise {unknown}
 G - 2 scrolls of recharging
 H - 2 scrolls of amnesia {unknown}
 M - a scroll of blinking
Potions
 e - 2 potions of lignification
 f - 2 potions of curing
 j - a potion of cure mutation
 m - 2 potions of heal wounds
 p - a potion of magic
 s - 3 potions of might
 z - a potion of mutation {unknown}
 I - 2 potions of degeneration {unknown}
 O - a potion of haste
Books
 L - a book of Debilitation

   Spells                             Type                      Level
   a - Corona                         Hexes                        1
   b - Slow                           Hexes                        2
   c - Gell's Gravitas                Hexes/Translocation          3
   d - Inner Flame                    Hexes/Fire                   3
   e - Cause Fear                     Hexes                        4
   f - Leda's Liquefaction            Hexes/Earth                  4
   Trog disapproves of the use of such an item.
 P - a book of Alchemy

   Spells                             Type                      Level
   a - Sublimation of Blood           Necromancy                   2
   b - Ignite Poison                  Fire/Transmutation/Poison    3
   c - Petrify                        Transmutation/Earth          4
   d - Alistair's Intoxication        Transmutation/Poison         5
   e - Irradiate                      Conjuration/Transmutation    5
   Trog disapproves of the use of such an item.
Comestibles
 c - 9 slices of pizza
 h - 2 royal jellies
 n - 2 fruits
 q - 9 bread rations
 v - 6 meat rations
 N - 2 beef jerkies


   Skills:
 - Level 3.0 Fighting
 + Level 13.2 Axes
 - Level 1.7 Armour
 - Level 1.7 Dodging


You had 9 spell levels left.
You didn't know any spells.

Dungeon Overview and Level Annotations

Branches:
Dungeon (9/15)             Temple (0/1) D:5
   Lair: D:8-11         Orc: D:9-12

Altars:
Ashenzari
Elyvilon
Gozag
Pakellas
The Shining One

Shops:
D:5 *

Annotations:
D:9 Erolcha


Innate Abilities, Weirdness & Mutations

You have very sharp fingernails.
You are partially covered in yellow scales (AC +2).
A weak demonic guardian rushes to your aid.


Message History

You slash Erolcha!
You feel better.
Erolcha is heavily wounded.
Your quasit bites Erolcha but does no damage.
Your quasit barely misses Erolcha.
Your quasit claws Erolcha but does no damage.
Erolcha hits you with a giant spiked club!!
* * * LOW HITPOINT WARNING * * *
Your scale mail prevents you from hitting Erolcha.
Erolcha is heavily wounded.
You slash Erolcha!
You feel better.
Erolcha is severely wounded.
Your quasit bites Erolcha but does no damage.
Your quasit claws Erolcha but does no damage.
Your quasit closely misses Erolcha.
You slash Erolcha!
Erolcha is almost dead.
Your skin stops crawling.
You feel less resistant to hostile enchantments.
Erolcha hits you with a giant spiked club!
You die...

#.5....# # ##O#####
# #.# # #.# # #.# #
#.# # #.# #
####.######### ###
#.@O5.)....[.# #..
#.##.##.####.# #.#
#5##.##.####.# #.#
#.##......##.# #.#
#.#####.#.##.####.#
#.#####.#.........#
#............######
##############


You could see Erolcha, a friendly iron imp and a friendly quasit.

Vanquished Creatures
  Joseph (D:8)
  A wyvern (D:9)
  A human (D:8)
  A hippogriff (D:6)
  Duvessa (D:5)
  An orc warrior (D:9)
  2 ice beasts (D:9)
  A black bear (D:9)
  A sky beast (D:9)
  A necrophage (D:6)
  5 ogres
  A centaur (D:6)
  3 giant frogs
  Dowan (D:5)
  A scorpion (D:8)
  4 killer bees (D:9)
  4 wights (D:7)
  2 howler monkeys
  2 crimson imps
  A centaur zombie (D:9)
  An orc priest (D:9)
  4 jellies
  3 centaur skeletons
  5 hounds
  3 orc wizards
  Crazy Yiuf (D:4)
  2 iguanas
  Ijyb (D:3)
  10 worker ants
  4 sheep (D:8)
  A hound skeleton (D:5)
  A worker ant zombie (D:7)
  15 adders
  4 gnolls (D:5)
  2 oozes
  An adder skeleton (D:4)
  2 dart slugs
  3 worms
  6 giant geckos
  13 orcs
  4 ball pythons
  7 giant cockroaches
  10 goblins
  11 hobgoblins
  5 jackals
  10 quokkas
  7 bats
  A giant cockroach zombie (D:5)
  A giant gecko skeleton (D:4)
  6 giant newts
  A jackal skeleton (D:5)
  8 kobolds
  2 quokka skeletons
  6 rats
  A fungus (D:4)
197 creatures vanquished.

Vanquished Creatures (collateral kills)
  A black bear (D:4)
  A giant frog (D:6)
  2 scorpions (D:4)
  A killer bee (D:9)
  A worker ant (D:6)
  A gnoll (D:5)
7 creatures vanquished.

Grand Total: 204 creatures vanquished

Notes
Turn   | Place    | Note
--------------------------------------------------------------
     0 | D:1      | Procrastination the Demonspawn Berserker began the quest for the Orb.
     0 | D:1      | Reached XP level 1. HP: 18/18 MP: 1/1
   402 | D:1      | Reached skill level 3 in Axes
   496 | D:1      | Gained mutation: You have sharp fingernails. [demonic ancestry]
   496 | D:1      | Reached XP level 2. HP: 13/24 MP: 2/2
  1618 | D:1      | Reached XP level 3. HP: 29/29 MP: 3/3
  1657 | D:2      | Reached skill level 4 in Axes
  1859 | D:2      | Reached ** piety under Trog
  2235 | D:2      | Reached XP level 4. HP: 24/35 MP: 4/4
  2606 | D:2      | Found a shattered altar of Ashenzari.
  3326 | D:3      | Reached skill level 5 in Axes
  3512 | D:3      | Noticed Ijyb
  3533 | D:3      | Killed Ijyb
  3533 | D:3      | Reached XP level 5. HP: 22/41 MP: 5/5
  3960 | D:3      | Reached *** piety under Trog
  3993 | D:3      | HP: 2/61 [acid (7)]
  4582 | D:4      | Reached skill level 6 in Axes
  4751 | D:4      | Noticed an ogre
  4757 | D:4      | Killed an ogre
  4757 | D:4      | Gained mutation: A weak demonic guardian rushes to your aid. [demonic ancestry]
  4757 | D:4      | Reached XP level 6. HP: 43/47 MP: 6/6
  5042 | D:4      | Reached skill level 7 in Axes
  5454 | D:4      | Reached XP level 7. HP: 52/52 MP: 7/7
  5699 | D:4      | Noticed Crazy Yiuf
  5705 | D:4      | Paralysed by Crazy Yiuf for 7 turns
  5716 | D:4      | Killed Crazy Yiuf
  5863 | D:5      | Entered Level 5 of the Dungeon
  5940 | D:5      | Reached skill level 8 in Axes
  6326 | D:5      | Found a staircase to the Ecumenical Temple.
  6821 | D:5      | Noticed Duvessa
  6821 | D:5      | Noticed Dowan
  6834 | D:5      | Killed Duvessa
  6834 | D:5      | Reached XP level 8. HP: 50/58 MP: 8/8
  6842 | D:5      | Killed Dowan
  6842 | D:5      | Reached skill level 9 in Axes
  6946 | D:5      | Found Puucef's General Store.
  7396 | D:6      | Found a glowing golden altar of the Shining One.
  7688 | D:6      | Reached skill level 10 in Axes
  7855 | D:6      | Reached **** piety under Trog
  8295 | D:7      | Found a white marble altar of Elyvilon.
  8311 | D:7      | Reached skill level 11 in Axes
  8314 | D:7      | Got a pair of warped boots
  8320 | D:7      | Identified the +2 pair of boots "Mabaur" {rPois rF- rC+} (You found it on level 7 of the Dungeon)
  8388 | D:7      | Gained mutation: You have very sharp fingernails. [demonic ancestry]
  8388 | D:7      | Reached XP level 9. HP: 53/63 MP: 9/9
  8942 | D:8      | Found an oddly glowing altar of Pakellas.
  8990 | D:8      | Found an opulent altar of Gozag.
  9406 | D:8      | Noticed Joseph
  9421 | D:8      | Killed Joseph
  9421 | D:8      | Reached skill level 12 in Axes
 10132 | D:9      | Reached skill level 13 in Axes
 10190 | D:9      | Gained mutation: You are partially covered in yellow scales (AC +2). [demonic ancestry]
 10190 | D:9      | Reached XP level 10. HP: 61/70 MP: 10/10
 10208 | D:9      | Noticed Erolcha
 10275 | D:9      | HP: 3/105 [Erolcha/giant spiked club (28)]
 10278 | D:9      | Slain by Erolcha

Vault maps used:
D:1:      lightli_arrival_quake
D:2:      minmay_crystal_room, lemuel_statue_altar
D:3:      first_bread, uniq_iyjb
D:4:      uniq_crazy_yiuf_cottage
D:5:      temple_doors_c, serial_shops, kennysheep_little_box,
          cheibrodos_gnoll_hut, uniq_duvessa
D:6:      kennysheep_mini_moat
D:7:      elyvilon_altar_3
D:8:      minitemple, grunt_livestock, uniq_joseph
D:9:      uniq_erolcha

Skill      XL: |  1  2  3  4  5  6  7  8  9 |
---------------+----------------------------+-----
Axes           | 3 4 5 6 7 8 11 13 | 13.2
Fighting       | |  3.0
Armour         | |  1.7
Dodging        | |  1.7

Action                   |  1- 3 |  4- 6 |  7- 9 | 10-12 || total
-------------------------+-------+-------+-------+-------++-------
Melee: Hand axe          |   126 |   249 |       |       ||   375
       War axe           |       |     2 |   390 |    24 ||   416
Invok: Berserk           |     3 |     6 |     6 |     2 ||    17
       Trog's Hand       |       |       |       |     1 ||     1
  Use: Potion            |       |       |     8 |       ||     8
       Scroll            |       |       |     5 |       ||     5
 Stab: Distracted        |       |       |     1 |       ||     1
  Eat: Chunk             |    12 |    16 |    28 |       ||    56
       Bread ration      |     1 |       |       |       ||     1
